 Dungeon Crawl Stone Soup version 0.30.1-4-g462c640d31 (webtiles) character file.

Game seed: 11346681838082432990

15502 growler the Fighter (level 12, 72/105 HPs)
             Began as a Demonspawn Gladiator on Aug 15, 2023.
             Was an Initiate of Gozag.
             Quit the game on level 1 of the Lair of Beasts.
             The game lasted 00:36:23 (17933 turns).

growler the Fighter (Demonspawn Gladiator)         Turns: 17933, Time: 00:36:24

Health: 72/105     AC:  8    Str: 14    XL:     12   Next: 1%
Magic:  9/12       EV: 17    Int: 15    God:    Gozag
Gold:   1838       SH:  0    Dex: 15    Spells: 11/11 levels left

rFire   + . .        b - +6 broad axe (freeze)
rCold   . . .        (no shield)
rNeg    + . .        y - +2 leather armour {rN+}
rPois   .            c - +1 helmet
rElec   .            (no cloak)
rCorr   .            (no gloves)
SInv    .            f - +0 pair of boots
Will    .....        (no amulet)
Stlth   +            g - +5 ring of evasion
HPRegen 0.37/turn    M - ring of protection from fire
MPRegen 0.26/turn

%: guardian spirit
@: mildly poisoned (72 -> 47), gold aura
A: powered by pain 1, magic shield, magic regeneration, sturdy frame 1, demonic
touch 2
a: Renounce Religion, Potion Petition, Call Merchant, Bribe Branch


You were on level 1 of the Lair of Beasts.
You worshipped Gozag.
Gozag was most pleased with you.
You visited 3 branches of the dungeon, and saw 13 of its levels.
You also visited: Sewer.

You collected 2055 gold pieces.
You spent 156 gold pieces at shops.
You paid 61 gold pieces to Gozag.

Inventory:

Hand Weapons
 a - a +0 flail
 b - a +6 broad axe of freezing (weapon)
 K - a +1 dagger of venom
 L - a +0 dagger of speed
Missiles
 d - 4 throwing nets (quivered)
 e - a javelin
 m - 2 silver javelins
Armour
 c - a +1 helmet (worn)
 f - a +0 pair of boots (worn)
 y - a +2 leather armour of positive energy (worn)
 N - +0 steam dragon scales
 T - a +0 pair of gloves
Jewellery
 g - a +5 ring of evasion (left hand)
 p - a ring of positive energy
 M - a ring of protection from fire (right hand)
 R - a ring of resist corrosion
Wands
 x - a wand of flame (15)
 D - a wand of paralysis (18)
 O - a wand of mindburst (6)
 P - a wand of light (11)
Scrolls
 h - 5 scrolls of vulnerability
 j - 2 scrolls of identify
 k - 3 scrolls of summoning
 r - 2 scrolls of enchant armour
 t - a scroll of amnesia
 u - 2 scrolls of teleportation
 v - 2 scrolls of poison
 w - 2 scrolls of fear
 A - a scroll of silence
 E - 2 scrolls of magic mapping
 F - 2 scrolls of fog
Potions
 i - a potion of flight
 l - 7 potions of heal wounds
 n - a potion of attraction
 o - 2 potions of haste
 q - 2 potions of lignification
 s - 3 potions of might
 z - 3 potions of brilliance
 B - 2 potions of cancellation
 C - 2 potions of curing
 G - 3 potions of mutation
 I - 2 potions of invisibility
 J - 2 potions of resistance


   Skills:
 - Level 13.5 Fighting
 + Level 13.1(13.2) Axes
 - Level 2.6(8.9) Maces & Flails
 - Level 1.7 Throwing
 - Level 2.6 Dodging


You had 11 spell levels left.
You didn't know any spells.
Your spell library contained the following spells:

 Spells                   Type           Power      Damage    Failure   Level
 Gell's Gravitas          Tloc           0%         N/A       63%         3
 Stone Arrow              Conj/Erth      0%         3d7       63%         3
 Teleport Other           Tloc           0%         N/A       63%         3
 Animate Armour           Summ/Erth      0%         N/A       95%         4
 Dispersal                Tloc           0%         N/A       100%        6
 Lehudib's Crystal Spear  Conj/Erth      0%         10d2      100%        8


Dungeon Overview and Level Annotations

Branches:
Dungeon (11/15)            Temple (1/1) D:7            Lair (1/5) D:11
    Orc (0/2) D:9           Sewer (visited)

Altars:
Ashenzari
Cheibriados
Dithmenos
Fedhas
Gozag
Hepliaklqana
Kikubaaqudgha
Makhleb
Nemelex Xobeh
Okawaru
Qazlal
Ru
Sif Muna
Trog
Uskayaw
Vehumet
Wu Jian
Xom
Yredelemnul

Shops:
D:1 (??=   D:6 *   D:7 (   D:8 (

Annotations:
D:2 1 runed translucent door, Crazy Yiuf
D:10 2 transporters


Innate Abilities, Weirdness & Mutations

You sometimes gain a little power by taking damage.
When hurt, damage is shared between your health and your magic reserves.
You regenerate magic rapidly.
Your movements are slightly less encumbered by armour. (ER -2)
Your touch may inflict irresistible damage on your foes.


Message History

The wolf is heavily wounded.
You miss the wolf.
The wolf is distracted by your dazzling golden aura.
The wolf barely misses you. The wolf misses you.
You slash the wolf spider! You freeze the wolf spider.
The wolf spider is moderately wounded.
You completely miss the wolf. The wolf completely misses you.
The wolf spider completely misses you. The wolf spider bites you.
You slash the wolf spider! You freeze the wolf spider.
You touch the wolf spider!
The wolf spider is almost dead.
You miss the wolf.
The wolf is distracted by your dazzling golden aura.
The wolf completely misses you. The wolf spider completely misses you.
The wolf spider misses you.
A wolf comes into view.
The wolf bites you but does no damage.
You closely miss the wolf spider.
The wolf howls!
You touch the wolf spider.
The wolf spider is almost dead.
You miss the wolf. You slash the wolf! You freeze the wolf.
The wolf spider closely misses you. The wolf spider barely misses you.
The wolf misses you.
The wolf is distracted by your dazzling golden aura.
The wolf spider completely misses you. The wolf spider bites you.
You are poisoned.
The wolf spider poisons you! The wolf completely misses you.
The wolf howls!
You slash the wolf spider! You freeze the wolf spider.
You kill the wolf spider!
You slash the wolf! You freeze the wolf! You hit the wolf. You freeze the wolf.
You kill the wolf!
You feel extremely sick. The wolf completely misses you.
The wolf is distracted by your dazzling golden aura.
You have reached level 12!
You feel clever.
Your demonic ancestry asserts itself...
You feel energised by your suffering.
Are you sure you want to abandon this character and quit the game? (Confirm with "yes".)

♣
##...##.#...P.......###
♣♣
#.............#..#..#
P♣
.........#.##....###.#
P♣ .....##..#####..##
.# ~ ... ##..# #..# ..
~ .#.. #..# #..# #. P
#....####.###...#
#.....##......## ..
#$@..####... # #$#h...#
.# #h#.#.$.# ..
h.h......# ..
..........P# ..
............## #.
...######..## # .## .##
#


You could see 4 wolves.

Vanquished Creatures
  A boulder beetle (D:11)
  A two-headed ogre (D:11)
  Sonja (D:11)
  Lodul (D:10)
  A wolf spider (Lair:1)
  A cyclops (D:11)
  A black mamba (Lair:1)
  2 cane toads (Lair:1)
  2 unseen horror zombies (D:9)
  4 komodo dragons
  2 unseen horrors (D:11)
  Psyche (D:9)
  A kobold demonologist (D:10)
  A hornet (D:9)
  2 trolls (D:10)
  A slime creature (D:11)
  Sigmund (D:3)
  4 wyverns
  A basilisk (Lair:1)
  5 yaks
  2 shadows
  A steam dragon (D:6)
  Grum (D:9)
  Menkaure (D:4)
  An acid dragon (D:11)
  3 water moccasins
  7 orc warriors
  An ice beast (D:6)
  5 wolves
  7 ogres
  2 phantoms (D:5)
  2 centaurs (D:8)
  4 kobold brigands
  2 gnoll sergeants
  2 scorpions
  11 wights
  13 killer bees
  3 electric eels
  9 howler monkeys
  5 centaur zombies (D:9)
  A jelly (D:6)
  9 orc priests
  7 hounds
  A sleepcap (D:4)
  3 iguanas
  Ijyb (D:3)
  5 orc wizards
  Terence (D:3)
  2 killer bee zombies (D:9)
  12 gnolls
  6 adders
  6 river rats
  A shadow imp (D:5)
  2 white imps
  An ufetubus (D:5)
  A worm (D:4)
  5 dart slugs
  45 orcs
  5 endoplasms
  8 giant cockroaches
  12 goblins
  10 hobgoblins
  A quokka (D:1)
  12 ball pythons
  9 bats
  3 frilled lizards
  26 kobolds
  23 rats
334 creatures vanquished.

Notes
Turn   | Place    | Note
-------+----------+-------------------------------------------
     0 | D:1      | growler the Demonspawn Gladiator began the quest for the
                  | Orb.
     0 | D:1      | Reached XP level 1. HP: 16/16 MP: 1/1
    45 | D:1      | Found Laiqepp's Antique Weapon Shop.
   128 | D:1      | Found a faded altar of an unknown god.
   297 | D:1      | Gained mutation: You regenerate magic rapidly. [demonic
                  | ancestry]
   297 | D:1      | Reached XP level 2. HP: 22/23 MP: 2/2
   357 | D:1      | Found Jaqef's Jewellery Shoppe.
   561 | D:1      | Found Amon's Magic Scroll Shop.
   680 | D:1      | Found Koedeux's Magic Scroll Boutique.
   983 | D:2      | Reached XP level 3. HP: 29/29 MP: 3/3
  1518 | D:2      | Found a runed translucent door.
  1519 | D:2      | Noticed Crazy Yiuf
  1840 | D:3      | Noticed Terence
  2007 | D:3      | Noticed Sigmund
  2204 | D:3      | Reached XP level 4. HP: 37/38 MP: 4/4
  2503 | D:3      | Noticed Ijyb
  2529 | D:3      | Killed Ijyb
  2530 | D:3      | Reached skill level 5 in Fighting
  2599 | D:3      | Killed Terence
  2600 | D:3      | Gained mutation: Your touch may inflict minor irresistible
                  | damage on your foes. [demonic ancestry]
  2600 | D:3      | Reached XP level 5. HP: 24/44 MP: 5/5
  2928 | D:4      | Noticed an ogre
  2945 | D:4      | Killed an ogre
  2946 | D:4      | Reached XP level 6. HP: 40/53 MP: 6/6
  3197 | D:4      | Found a glowing drain.
  3238 | Sewer    | Entered a sewer
  3697 | Sewer    | Gained mutation: Your movements are slightly less
                  | encumbered by armour. (ER -2) [demonic ancestry]
  3697 | Sewer    | Reached XP level 7. HP: 21/61 MP: 7/7
  4615 | D:4      | Noticed Menkaure
  4637 | D:4      | Killed Menkaure
  4838 | D:5      | Entered Level 5 of the Dungeon
  5331 | D:5      | Reached XP level 8. HP: 53/71 MP: 8/8
  5536 | D:5      | Reached skill level 10 in Fighting
  6064 | D:6      | HP: 1/74 [steam dragon/ball of steam (13)]
  6398 | D:6      | Found a sparkling altar of Nemelex Xobeh.
  6485 | D:6      | Found an iron altar of Okawaru.
  6485 | D:6      | Found a blossoming altar of Fedhas.
  7193 | D:6      | Found Catom's Fire Supplies.
  7363 | D:6      | Gained mutation: Your touch may inflict irresistible damage
                  | on your foes. [demonic ancestry]
  7363 | D:6      | Reached XP level 9. HP: 39/82 MP: 9/9
  7712 | D:3      | Killed Sigmund
  8047 | D:7      | Found a staircase to the Ecumenical Temple.
  8054 | Temple   | Entered the Ecumenical Temple
  8177 | Temple   | Became a worshipper of Gozag Ym Sagoz the Greedy
  8265 | D:7      | Found Giuh's Antique Weapon Boutique.
  8287 | D:7      | Found a shadowy altar of Dithmenos.
  8288 | D:7      | Found a hazy altar of Hepliaklqana.
 10492 | D:8      | Found Wunt's Weapon Emporium.
 10515 | D:8      | Bought a +0 broad axe for 52 gold pieces
 11001 | D:1      | Bought a scroll of brand weapon for 104 gold pieces
 11612 | D:8      | Reached skill level 1 in Axes
 12111 | D:9      | Found a radiant altar of Vehumet.
 12177 | D:9      | Gained mutation: When hurt, damage is shared between your
                  | health and your magic reserves. [demonic ancestry]
 12177 | D:9      | Reached XP level 10. HP: 92/92 MP: 10/10
 12391 | D:9      | Noticed Psyche
 12554 | D:9      | Killed Psyche
 12555 | D:9      | Reached skill level 5 in Axes
 13630 | D:9      | Found a staircase to the Orcish Mines.
 13692 | D:9      | Noticed Grum
 13702 | D:9      | HP: 1/92 [Grum/+0 glaive (24)]
 13943 | D:9      | Killed Grum
 14314 | D:10     | Entered Level 10 of the Dungeon
 14443 | D:10     | Found a transporter.
 14501 | D:10     | Found a transporter.
 14512 | D:10     | Noticed an orc sorcerer
 14515 | D:10     | Noticed an orc sorcerer
 14843 | D:10     | Reached XP level 11. HP: 69/98 MP: 8/11
 15066 | D:10     | Noticed Lodul
 15270 | D:10     | Killed Lodul
 15271 | D:10     | Reached skill level 10 in Axes
 15863 | D:11     | Noticed Sonja
 15874 | D:11     | Killed Sonja
 15902 | D:11     | Found a staircase to the Lair.
 16463 | D:11     | Noticed a two-headed ogre
 16475 | D:11     | Killed a two-headed ogre
 16775 | D:11     | Noticed a boulder beetle
 16831 | D:11     | Killed a boulder beetle
 17409 | Lair:1   | Entered Level 1 of the Lair of Beasts
 17924 | Lair:1   | Noticed a wolf spider
 17932 | Lair:1   | Killed a wolf spider
 17933 | Lair:1   | Gained mutation: You sometimes gain a little power by
                  | taking damage. [demonic ancestry]
 17933 | Lair:1   | Reached XP level 12. HP: 72/105 MP: 9/12
 17933 | Lair:1   | Quit the game

Illustrated notes

Levels and vault maps discovered:
D:1:      lemuel_arrival_behind_the_door_small, layout_rooms, serial_shops,
          shop, nicolae_shop_rolled_up, nicolae_shop_back_alley_shop,
          nicolae_square_shop, serial_rivers, chequers_serial_rivers_micro_a,
          chequers_serial_rivers_room_b, chequers_serial_rivers_micro_e,
          chequers_serial_rivers_large_b, chequers_serial_rivers_micro_c,
          chequers_serial_rivers_micro_c,
          shapermc_ecumenical_altar_mp_urbaneastern, hangedman_decor_points,
          minmay_misc_feat_nine_boxes
D:2:      layout_basic, minmay_goblin_outpost, uniq_crazy_yiuf_cottage
D:3:      layout_basic, uniq_terence, uniq_ijyb, uniq_sigmund
D:4:      layout_layer_cave, portal_sewer_entry_e, uniq_menkaure
D:5:      layout_rooms
D:6:      layout_basic, nemelex_dance_club_becter,
          mainiacjoe_overflow_divided_tiny, nicolae_shop_fire_sale
          [nicolae_sub_dead_trees]
D:7:      layout_basic, riverfiend_overflow_shadow_ancestor,
          minmay_temple_entry_grid, serial_shops,
          nicolae_shop_pleasant_corner_grove
D:8:      layout_layer_cave, serial_shops, nicolae_square_shop
D:9:      layout_stronghold, fiery_altar_vehumet, david_orc_4, serial_undead,
          serial_undead_f, serial_undead_a, serial_undead_a, serial_undead_b,
          serial_undead_a, uniq_grum, uniq_psyche
D:10:     gammafunk_beogh_shrine, layout_loops_corners, uniq_lodul
D:11:     layout_loops_ring, lair_entry_dummy, serial_bayou,
          serial_bayou_pond_c, serial_bayou_pond_d, serial_bayou_lagoon_a,
          serial_bayou_pond_b, uniq_sonja
Temple:   kb_temple_of_zot
Lair:1:   layout_layer_cave, serial_bayou, serial_bayou_shore_b,
          serial_bayou_crossing, serial_bayou_pond_b, serial_bayou_pond_c,
          nicolae_lair_run_with_the_wolves

Skill      XL: |  1  2  3  4  5  6  7  8  9 10 11 |
---------------+----------------------------------+-----
Fighting       | 3 4 5 6 7 9 11 13 | 13.5
Axes           | 4 9 13 | 13.1
Maces & Flails | |  2.6
Throwing       | |  1.7
Dodging        | |  2.6

Action                     |  1- 3 |  4- 6 |  7- 9 | 10-12 || total
---------------------------+-------+-------+-------+-------++-------
  Melee: Flail             |   129 |   224 |    28 |       ||   381
         Touch             |       |    25 |   144 |    61 ||   230
         Dagger            |       |       |   503 |       ||   503
         Punch             |       |       |     6 |     3 ||     9
         Broad axe         |       |       |    36 |   298 ||   334
  Evoke: Wand              |       |       |     2 |     3 ||     5
    Use: Potion            |       |       |     2 |     5 ||     7
         Scroll            |       |       |    28 |       ||    28
   Stab: Sleeping          |     1 |       |     2 |       ||     3
         Distracted        |       |       |     1 |     1 ||     2
 Armour: Leather armour    |    57 |   116 |   132 |    77 ||   382
  Dodge: Dodged            |   112 |   214 |   336 |   302 ||   964
